 Dungeon Crawl Stone Soup version 0.32-a0-995-gb4a59205af (webtiles) character file.

Game seed: 5586085854410034149

90 protoss039 the Digger (level 4, 31/33 HPs)
             Began as a Demonspawn Earth Elementalist on Apr 22, 2024.
             Got out of the dungeon alive.
             The game lasted 00:03:04 (1726 turns).

protoss039 the Digger (DsEE)                        Turns: 1726, Time: 00:03:04

Health: 31/33      AC:  3    Str:  8    XL:     4   Next: 32%
Magic:  8/8        EV: 11    Int: 17    God:
Gold:   81         SH:  0    Dex: 14    Spells: 1/8 levels left

rFire   . . .        d - +2 dagger (venom)
rCold   . . .        (no shield)
rNeg    . . .        a - +0 robe
rPois   .            j - +1 hat
rElec   .            (no cloak)
rCorr   .            (no gloves)
SInv    .            (no boots)
Will    .....        q - amulet of guardian spirit
Stlth   ++           (no ring)
HPRegen 0.25/turn    (no ring)
MPRegen 0.11/turn

%: guardian spirit
@: no status effects
A: antennae 1, demonic touch 2
a: no special abilities


You escaped.
You visited 1 branch of the dungeon, and saw 3 of its levels.

You collected 107 gold pieces.
You spent 26 gold pieces at shops.

Inventory:

Hand Weapons
 d - a +2 dagger of venom (weapon)
 s - a +2 vampiric dagger
Armour
 a - a +0 robe (worn)
 j - a +1 hat (worn)
Jewellery
 q - an amulet of guardian spirit (around neck)
Scrolls
 e - a scroll of noise {unknown}
 g - a scroll of identify
 h - a scroll of enchant armour {unknown}
 i - a scroll of amnesia {unknown}
 m - a scroll of enchant weapon {unknown}
 o - 2 scrolls of vulnerability {unknown}
Potions
 b - a potion of magic
 c - a potion of berserk rage {unknown}
 f - a potion of mutation {unknown}
 k - a potion of might {unknown}
 l - 2 potions of curing
 n - a potion of attraction {unknown}
 p - 2 potions of haste {unknown}
 r - a potion of cancellation {unknown}


   Skills:
 + Level 2.1 Fighting
 + Level 1.9 Dodging
 - Level 1.7 Stealth
 + Level 2.8 Spellcasting
 + Level 1.2 Conjurations
 + Level 3.4 Earth Magic


You had one spell level left.
You knew the following spells:

 Your Spells              Type           Power      Damage    Failure   Level
a - Sandblast             Erth           28%        2d8       4%          1
b - Passwall              Erth           14%        N/A       13%         3
c - Stone Arrow           Conj/Erth      20%        3d8       21%         3

Your spell library contained the following spells:

 Spells                   Type           Power      Damage    Failure   Level
 Apportation              Tloc           4%         N/A       19%         1
 Jinxbite                 Hex            4%         N/A       26%         2
 Brom's Barrelling Bould  Conj/Erth      10%        2d3       56%         4
 Petrify                  Alch/Erth      8%         N/A       65%         4
 Alistair's Intoxication  Alch           1%         N/A       99%         5


Dungeon Overview and Level Annotations

Branches:
Dungeon (3/15) Zot: 16262

Altars:

Shops:
D:1 ?   D:2 *


Innate Abilities, Weirdness & Mutations

You have a pair of small antennae on your head.
Your touch may inflict irresistible damage on your foes.


Message History

The orc is lightly wounded.
The orc misses you.
Unknown command.
You closely miss the orc.
The orc is lightly wounded.
The orc hits you but does no damage.
Unknown command.
You hit the orc.
The orc is moderately wounded.
The orc barely misses you.
Unknown command.
You barely miss the orc.
The orc is moderately wounded.
The orc hits you with a +0 dagger.
Unknown command.
You closely miss the orc.
The orc is moderately wounded.
The orc hits you with a +0 dagger.
Unknown command.
You hit the orc.
The orc is poisoned.
The orc is severely wounded.
The orc hits you with a +0 dagger.
Unknown command.
You hit the orc.
You kill the orc!
Unknown command.
You see here a +0 leather armour.
There is a stone staircase leading up here.
You climb upwards.
There is a stone staircase leading down here.
Things that are here:
3 stones; a +0 whip; a kobold skeleton Magic restored.
There is a stone staircase leading up here.
You climb upwards.
There is a stone staircase leading down here.
You open the door.
There is an open door here.
There is a staircase leading out of the dungeon here.
You have escaped!

.#.#.....#............#.###...##.
.#∩#....#########.#####.#.....##.
#..≈.....##..........##.##....##.
...≈.###.##.######......##.......
.#>#.###.##.######...#####....###
.#.#.................'...........
)#.###############...####.....###
##'# ###########....# #........
...####.......##@....# #.....###
...............##....# #........
...####..........##### ###'#####
#### #########.....## #...... #
#.###..# ####### # #.#....####
####### #.#)##....## #.....#
#.#....##..### #.....#
#.####.###...######


There were no monsters in sight!

Vanquished Creatures
  An orc wizard (D:3)
  2 adders (D:2)
  A ribbon worm (D:2)
  3 orcs (D:3)
  A bat (D:1)
  3 endoplasms
  A giant cockroach (D:3)
  3 goblins
  5 hobgoblins
  A quokka (D:1)
  4 ball pythons
  5 frilled lizards
  8 kobolds
  4 rats
42 creatures vanquished.

Notes
Turn   | Place    | Note
-------+----------+-------------------------------------------
     0 | D:1      | protoss039 the Demonspawn Earth Elementalist began the
                  | quest for the Orb.
     0 | D:1      | Reached XP level 1. HP: 13/13 MP: 3/3
   254 | D:1      | Discovered your monstrous ancestry.
   254 | D:1      | Gained mutation: Your touch may inflict minor irresistible
                  | damage on your foes. [demonic ancestry]
   254 | D:1      | Reached XP level 2. HP: 20/20 MP: 3/5
   393 | D:1      | Reached skill level 1 in Fighting
   518 | D:1      | Reached skill level 3 in Earth Magic
   628 | D:1      | Found Noduocue's Magic Scroll Emporium.
   652 | D:1      | Bought a scroll of identify for 26 gold pieces
   817 | D:2      | Gained mutation: Your touch may inflict irresistible damage
                  | on your foes. [demonic ancestry]
   817 | D:2      | Reached XP level 3. HP: 26/26 MP: 2/6
   998 | D:2      | Found a faded altar of an unknown god.
  1441 | D:2      | Found Sewamir's Assorted Antiques.
  1568 | D:2      | Learned a level 3 spell: Passwall
  1572 | D:2      | Learned a level 3 spell: Stone Arrow
  1644 | D:3      | Gained mutation: You have a pair of small antennae on your
                  | head. [demonic ancestry]
  1644 | D:3      | Reached XP level 4. HP: 13/33 MP: 3/8
  1726 | D:$      | Got out of the dungeon alive.

Illustrated notes

Levels and vault maps discovered:
D:1:      saegor_arrival_simple_a, layout_basic, serial_shops,
          nicolae_shop_hallway_stairs
D:2:      layout_loops_cross, serial_shops, nicolae_lakefront_shop,
          basic_ecumenical_altar, minivault_24, minmay_statues_item
D:3:      layout_loops_ring

Skill      XL: |  1  2  3 |
---------------+----------+-----
Fighting       | 1 2 |  2.1
Earth Magic    | 3 |  3.4
Dodging        | |  1.9
Stealth        | |  1.7
Spellcasting   | |  2.8
Conjurations   | |  1.2

Action                     |  1- 3 |  4- 6 || total
---------------------------+-------+-------++-------
  Melee: Dagger            |    61 |     7 ||    68
         Touch             |     7 |       ||     7
   Cast: Sandblast         |    26 |       ||    26
    Use: Scroll            |     1 |       ||     1
   Stab: Sleeping          |     9 |       ||     9
 Armour: Robe              |    44 |     4 ||    48
  Dodge: Dodged            |    43 |     2 ||    45

Table legend: (Time is in decaauts)
 A = Elapsed time spent in this place.
 B = Non-inter-level travel time spent in this place.
 C = Inter-level travel time spent in this place.
 D = Time resting spent in this place.
 E = Time spent auto-exploring this place.
 F = Levels seen in this place.
 G = Mean time per level.
                   A        B        C        D        E       F      G
               +--------+--------+--------+--------+--------+-----+--------+
         Total |   1738 |   1633 |    105 |      0 |   1326 |   3 |  579.3 |
       Dungeon |   1738 |   1633 |    105 |      0 |   1326 |   3 |  579.3 |
               +--------+--------+--------+--------+--------+-----+--------+

Top non-repeatable levels by time:
     D:1: 832 daAuts
     D:2: 795 daAuts
     D:3: 110 daAuts
